 Dungeon Crawl Stone Soup version 0.27-a0-1324-ge0d8e04 (webtiles) character file.

Game seed: 1083477964843673576

34 HDogLeCool the Shield-Bearer (level 3, 0/29 HPs)
             Began as a Human Fighter on June 22, 2021.
             Was a Follower of Dithmenos.
             Succumbed to an adder's poison
             ... on level 2 of the Dungeon.
             The game lasted 00:04:14 (762 turns).

HDogLeCool the Shield-Bearer (Human Fighter)         Turns: 762, Time: 00:04:15

Health: 0/29       AC:  6    Str: 17    XL:     3   Next: 50%
Magic:  3/3        EV:  7    Int:  8    God:    Dithmenos [*.....]
Gold:   0          SH:  9    Dex: 18    Spells: 2/2 levels left

rFire    . . .     SeeInvis .   a - +0 trident
rCold    . . .     Faith    .   c - +0 kite shield
rNeg     . . .     Spirit   .   b - +0 scale mail
rPois    .         Reflect  .   (no helmet)
rElec    .         Harm     .   (no cloak)
rCorr    .         Rampage  .   (no gloves)
Will     .....                  (no boots)
Stlth    ..........             (no amulet)
HPRegen  0.09/turn              h - +6 ring of dexterity
MPRegen  0.08/turn              (no ring)

@: mighty, lethally poisoned (0 -> -6), wreathed by umbra
A: no striking features
a: Renounce Religion


You were on level 2 of the Dungeon.
You worshipped Dithmenos.
Dithmenos was aware of your devotion.
You visited 1 branch of the dungeon, and saw 2 of its levels.

Inventory:

Hand Weapons
 a - a +0 trident (weapon)
Armour
 b - a +0 scale mail (worn)
 c - a +0 kite shield (worn)
Jewellery
 h - a +6 ring of dexterity (left hand)
Scrolls
 e - a scroll of amnesia {unknown}
 j - a scroll of torment {unknown}
Potions
 f - a potion of brilliance {unknown}
 g - a potion of invisibility {unknown}
 i - a potion of heal wounds {unknown}


   Skills:
 + Level 3.2 Fighting
 * Level 2.6 Polearms
 - Level 3.1 Armour
 + Level 0.5 Stealth
 * Level 3.4 Shields


You had 2 spell levels left.
You didn't know any spells.
Your spell library contained the following spells:

 Spells                   Type           Power      Damage    Failure   Level
 Freeze                   Ice            0%         1d3       100%        1
 Frozen Ramparts          Ice            0%         1d2       100%        3
 Ozocubu's Armour         Ice            0%         N/A       100%        3
 Hailstorm                Conj/Ice       0%         3d3       100%        4
 Metabolic Englaciation   Hex/Ice        0%         N/A       100%        5


Dungeon Overview and Level Annotations

Branches:
Dungeon (2/15)

Altars:
Dithmenos


Message History

An endoplasm comes into view.
The endoplasm quivers.
Found a flail.
Your scale mail prevents you from hitting the adder.
You block the adder's attack. The adder barely misses you.
You puncture the adder!
The adder is severely wounded.
The adder bites you.
You are poisoned.
The adder poisons you!
You hit the adder.
The adder is almost dead.
You feel very sick. You block the adder's attack. The endoplasm freezes you.
You are frozen.
The adder bites you.
You miss the adder.
The adder is almost dead.
You feel sick. The adder barely misses you.
The endoplasm hits you but does no damage.
The adder bites you.
You are more poisoned.
The adder poisons you! The endoplasm barely misses you.
You closely miss the adder.
The adder is severely wounded.
You feel very sick. The adder bites you. The endoplasm freezes you.
You are frozen.
* * * LOW HITPOINT WARNING * * *
The adder bites you.
* * * LOW HITPOINT WARNING * * *
You feel very mighty all of a sudden.
* * * LOW HITPOINT WARNING * * *
You feel sick. You block the endoplasm's attack.
The adder bites you but does no damage.
You hit the adder.
You kill the adder!
Dithmenos accepts your kill.
You die...

#....#...)# .....#
##..........
.....#+#.........#
.............)..#
.........[......
.^............#
..........J†.###.. #
#......@....... #
###.##...........
########...##...........
....<...................
..........#####.?.......
.#####.#### ##........
.......##### #.....(..
###........### ...#.....
....######.... .......


You could see an endoplasm.

Vanquished Creatures
  A gnoll (D:1)
  An adder (D:2)
  2 endoplasms (D:1)
  A giant cockroach (D:1)
  2 goblins (D:1)
  2 hobgoblins (D:1)
  2 jackals (D:2)
  A quokka (D:1)
  6 ball pythons
  A bat (D:1)
  A frilled lizard (D:1)
  3 kobolds (D:1)
  A rat (D:1)
24 creatures vanquished.

Notes
Turn   | Place    | Note
-------+----------+-------------------------------------------
     0 | D:1      | HDogLeCool the Human Fighter began the quest for the Orb.
     0 | D:1      | Reached XP level 1. HP: 18/18 MP: 1/1
    80 | D:1      | Reached XP level 2. HP: 15/24 MP: 2/2
   232 | D:1      | Found a faded altar of an unknown god.
   237 | D:1      | Became a worshipper of Dithmenos the Shadowed
   237 | D:1      | Reached * piety under Dithmenos
   527 | D:1      | Reached XP level 3. HP: 22/29 MP: 3/3
   762 | D:2      | Succumbed to an adder's poison

Illustrated notes

Levels and vault maps discovered:
D:1:      elethiomel_arrival_quiet, layout_basic, basic_ecumenical_altar
D:2:      cheibrodos_greedy_goblins, layout_rooms

Action                   || total
-------------------------++-------
Melee: Trident           ||    64
  Use: Potion            ||     1
Armor: Scale mail        ||    21
Dodge: Dodged            ||    14
Block: Kite shield       ||    35

Table legend: (Time is in decaauts)
 A = Elapsed time spent in this place.
 B = Non-inter-level travel time spent in this place.
 C = Inter-level travel time spent in this place.
 D = Time resting spent in this place.
 E = Time spent auto-exploring this place.
 F = Levels seen in this place.
 G = Mean time per level.
                   A        B        C        D        E       F      G
               +--------+--------+--------+--------+--------+-----+--------+
         Total |    787 |    773 |     14 |    138 |    471 |   2 |  393.5 |
       Dungeon |    787 |    773 |     14 |    138 |    471 |   2 |  393.5 |
               +--------+--------+--------+--------+--------+-----+--------+

Top non-repeatable levels by time:
     D:1: 663 daAuts
     D:2: 123 daAuts
